 Dungeon Crawl Stone Soup version 0.19-a0-1025-g778f431 (webtiles) character file.

148 mrath the Magician (level 5, -1/31 HPs)
             Began as a High Elf Wizard on July 28, 2016.
             Slain by Sigmund
             ... wielding a +0 scythe
              (13 damage)
             ... on level 3 of the Dungeon.
             The game lasted 00:18:25 (2702 turns).

mrath the Magician (High Elf Wizard)                Turns: 2702, Time: 00:18:26

Health: -1/31      AC:  4    Str:  6    XL:     5   Next: 8%
Magic:  7/13       EV: 12    Int: 22    God:
Gold:   66         SH:  0    Dex: 14    Spells: 3 memorised, 9 levels left

rFire  . . .     SeeInvis .     k - +0 whip
rCold  . . .     Gourm    .     a - +0 robe
rNeg   . . .     Faith    .     (no shield)
rPois  .         Spirit   .     b - +0 hat
rElec  .         Dismiss  .     (no cloak)
rCorr  .         Reflect  .     g - +0 pair of gloves
SustAt .         Harm     .     q - +0 pair of boots
MR     .....                    (no amulet)
Stlth  ++........               (no ring)
                                (no ring)

@: not resistant to hostile enchantments, unstealthy
A: no striking features
a: no special abilities


You were on level 3 of the Dungeon.
You were not hungry.

You visited 1 branch of the dungeon, and saw 3 of its levels.

You collected 66 gold pieces.

Inventory:

Hand Weapons
 i - a +0 flail
 k - a +0 whip (weapon)
Missiles
 f - 190 stones (quivered)
 l - 18 sling bullets
 w - 6 curare-tipped needles
Armour
 a - a +0 robe (worn)
 b - a +0 hat (worn)
 g - a +0 pair of gloves (worn)
 q - a +0 pair of boots (worn)
Jewellery
 o - an uncursed amulet of harm {unknown}
 r - an uncursed ring of protection from fire {unknown}
 t - a cursed -5 ring of dexterity {unknown}
Scrolls
 e - 2 scrolls of identify {unknown}
 j - 2 scrolls of remove curse {unknown}
 n - 2 scrolls of enchant weapon {unknown}
 v - a scroll of noise {unknown}
Potions
 s - a potion of haste {unknown}
 u - a potion of ambrosia {unknown}
 x - a potion of curing {unknown}
 z - a potion of invisibility {unknown}
Books
 c - a book of Minor Magic

   Spells                             Type                      Level
   a - Magic Dart                     Conjuration                  1
   b - Blink                          Translocation                2
   c - Call Imp                       Summoning                    2
   d - Repel Missiles                 Charms/Air                   2
   e - Slow                           Hexes                        2
   f - Conjure Flame                  Conjuration/Fire             3
   g - Mephitic Cloud                 Conjuration/Poison/Air       3
Comestibles
 d - 2 bread rations
 h - a slice of pizza
 m - 2 meat rations
 p - 9 chunks of flesh


   Skills:
 - Level 2.1 Dodging
 - Level 2.1 Stealth
 + Level 5.4 Spellcasting
 + Level 3.7 Conjurations
 - Level 0.8 Summonings
 - Level 1.1 Translocations


You had 9 spell levels left.
You knew the following spells:

 Your Spells              Type           Power        Failure   Level  Hunger
a - Magic Dart            Conj           ###.         1%          1    None
b - Call Imp              Summ           #.......     12%         2    None
c - Blink                 Tloc           N/A          12%         2    None


Dungeon Overview and Level Annotations

Branches:
Dungeon (3/15)

Altars:
Trog

Annotations:
D:3 Sigmund


Message History

The magic dart hits Sigmund.
Sigmund is severely wounded.
Casting: Magic Dart
Confirm with . or Enter, or press ? or * to list all spells.
Aiming: Magic Dart
Press: ? - help, Shift-Dir - straight line, f/p - Sigmund
Aim: Sigmund, wielding a scythe and wearing a robe (severely wounded)
The magic dart hits Sigmund.
Sigmund is severely wounded.
Your white imp gestures at Sigmund.
The puff of frost hits Sigmund.
Casting: Magic Dart
Confirm with . or Enter, or press ? or * to list all spells.
Aiming: Magic Dart
Press: ? - help, Shift-Dir - straight line, f/p - Sigmund
Aim: Sigmund, wielding a scythe and wearing a robe (almost dead)
The magic dart hits Sigmund.
Sigmund is almost dead.
Sigmund hits you from afar with a scythe!
You die...

.# #.....# #.. #..# ##.#.## #..
.#.###.###.# #.. #...#...#
#.#...# #.[ #..#.##.# #....#
#.. #..#.##.# #...# #..
####..#.(#@# #...#######..
..........5## #........####
#.##.......@####...####.....
...#>##..........<...........##
..[..........................##
.#.##....#>............<...#[
#.......##..####...####..##.
####........# #............
#.##.##### #.#.##....... #....#
#...##....... ####.#
###...##.......


You could see Sigmund and a friendly white imp.

Vanquished Creatures
  4 gnolls (D:2)
  3 adders (D:2)
  2 dart slugs
  4 giant geckos
  3 giant cockroaches
  8 goblins
  11 hobgoblins
  5 jackals
  6 kobolds
  8 bats
  A giant newt (D:2)
  5 rats
60 creatures vanquished.

Vanquished Creatures (collateral kills)
  An adder (D:3)
  2 worms
  A rat (D:3)
4 creatures vanquished.

Grand Total: 64 creatures vanquished

Notes
Turn   | Place    | Note
-------+----------+-------------------------------------------
     0 | D:1      | mrath the High Elf Wizard began the quest for the Orb.
     0 | D:1      | Reached XP level 1. HP: 11/11 MP: 6/6
   344 | D:1      | Reached XP level 2. HP: 17/17 MP: 2/7
   394 | D:1      | Learned a level 2 spell: Call Imp
   397 | D:1      | Learned a level 2 spell: Blink
   481 | D:1      | Reached skill level 4 in Spellcasting
  1053 | D:1      | Reached XP level 3. HP: 21/21 MP: 7/9
  1404 | D:2      | Reached XP level 4. HP: 20/27 MP: 1/11
  1796 | D:2      | Reached skill level 5 in Spellcasting
  1878 | D:2      | Noticed a moth of wrath
  1880 | D:2      | Found a bloodstained altar of Trog.
  2447 | D:3      | Reached XP level 5. HP: 27/31 MP: 6/13
  2686 | D:3      | Noticed Sigmund
  2702 | D:3      | Slain by Sigmund

Vault maps used:
D:1:      lightli_arrival_windingriver
D:2:      tgw_trog
D:3:      marbit_many_paths, nicolae_overflow_hidden_temple, uniq_iyjb,
          uniq_sigmund

Skill      XL: |  1  2  3  4 |
---------------+-------------+-----
Spellcasting   | 4 5 |  5.4
Conjurations   | 2 3 |  3.7
Dodging        | |  2.1
Stealth        | |  2.1
Summonings     | |  0.8
Translocations | |  1.1

Action                   |  1- 3 |  4- 6 || total
-------------------------+-------+-------++-------
Melee: Whip              |    16 |     3 ||    19
 Cast: Magic Dart        |    84 |    73 ||   157
       Call Imp          |       |     6 ||     6
  Eat: Chunk             |     1 |     4 ||     5
Armor: Robe              |     4 |     1 ||     5
Dodge: Dodged            |    27 |    21 ||    48
